Map: Ruines de Seras

Players

Worming

  • Race: Zerg Zerg
  • League: Diamond

Tees - Winner!

  • Race: Protoss Protoss
  • League: Diamond

VOD

Have the link to the VOD?

Description

Time

  • Played on: Nov. 29, 2015, 5:22 a.m.
  • Length: 8:06
Show
View Real Time Build Order
Export as new Build Order

Worming Zerg 

Build Orders: Hatch First 

Get SALT Encoding   

  12  0:01  Drone  
  13  0:08  Drone  
  14  0:17  Overlord  
  14  0:25  Drone, Extractor  
  15  0:36  Drone x2  
  17  0:44  Drone  
  18  1:10  Hatchery  
  17  1:16  Spawning Pool  
  17  1:17  Drone, Extractor  
  16  1:18  Drone  
  17  1:26  Drone  
  18  1:38  Overlord  
  18  1:40  Drone  
  19  1:58  Drone  
  20  2:12  Drone x2  
  22  2:15  Queen  
  24  2:23  Hatchery  
  24  2:25  Metabolic Boost  
  23  2:31  Drone x2  
  25  2:39  Queen  
  27  2:55  Drone x5  
  32  3:13  Drone x3  
  32  3:18  Overlord  
  32  3:19  Zergling x2  
  36  3:31  Extractor  
  36  3:32  Zergling x2  
  36  3:36  Zergling x6  
  39  3:41  Drone x3  
  39  3:46  Queen  
  44  3:54  Drone x4  
  44  3:55  Drone x2  
  50  4:01  Overlord x4  
  50  4:12  Roach Warren  
  49  4:20  Drone x6  
  55  4:36  Drone x9  
  64  4:46  Lair  
  64  4:51  Extractor  
  63  4:54  Spine Crawler  
  63  4:57  Roach x5  
  72  5:09  Drone x3  
  72  5:11  Queen  
  77  5:15  Overlord x2  
  77  5:16  Roach x2  
  77  5:17  Zergling x2  
  77  5:18  Overlord  
  77  5:19  Overlord  
  79  5:39  Drone x2  
  79  5:40  Evolution Chamber  
  79  5:41  Drone, Evolution Chamber  
  79  5:42  Extractor  
  79  5:43  Drone x3  
  79  5:44  Drone x5  
  87  5:51  Roach x2  
  87  5:53  Ravager x2  
  87  5:54  Ravager x4  
  97  5:59  Glial Reconstitution  
  97  6:01  Zergling x8  
  95  6:19  Roach x7  
  109  6:27  Overlord x2  
  109  6:29  Zergling x10  
  99  6:47  Roach x5  
  99  6:48  Roach  
  99  6:54  Roach x5  
  110  6:56  Zergling x2  
  110  6:58  Spine Crawler  
  110  7:01  Spine Crawler  
  108  7:04  Zergling x4  
  92  7:20  Roach x5  
  92  7:21  Roach x2  
  96  7:30  Ravager  
  96  7:32  Ravager  
  96  7:33  Roach x2  
Show
View Real Time Build Order
Export as new Build Order

Tees Protoss - Winner!

Build Orders: Blink Stalkers 

Get SALT Encoding   

  12  0:01  Probe (Chrono Boost)  
  13  0:11  Probe (Chrono Boost)  
  14  0:22  Pylon  
  14  0:24  Probe (Chrono Boost)  
  15  0:40  Probe (Chrono Boost)  
  16  0:50  Probe (Chrono Boost)  
  17  1:01  Probe (Chrono Boost)  
  18  1:16  Nexus  
  18  1:22  Gateway  
  18  1:23  Assimilator  
  18  1:26  Probe (Chrono Boost)  
  19  1:36  Probe (Chrono Boost), Assimilator  
  20  1:43  Pylon  
  21  1:47  Probe (Chrono Boost)  
  21  1:57  Probe (Chrono Boost)  
  22  2:08  Probe (Chrono Boost)  
  23  2:14  Cybernetics Core  
  23  2:18  Probe (Chrono Boost)  
  24  2:29  Probe (Chrono Boost)  
  25  2:31  Zealot  
  27  2:37  Gateway  
  27  2:39  Probe (Chrono Boost)  
  27  2:40  Probe (Chrono Boost)  
  29  2:50  Probe x2 (Chrono Boost)  
  29  2:51  Warp Gate  
  31  3:00  Probe (Chrono Boost)  
  31  3:04  Twilight Council  
  32  3:08  Mothership Core (Chrono Boost)  
  34  3:17  Pylon  
  34  3:18  Probe (Chrono Boost)  
  35  3:24  Stalker  
  35  3:26  Probe (Chrono Boost)  
  38  3:32  Probe (Chrono Boost)  
  38  3:33  Pylon  
  39  3:37  Probe (Chrono Boost)  
  39  3:41  Blink (Chrono Boost)  
  40  3:43  Probe  
  41  3:52  Gateway  
  41  3:55  Probe  
  40  4:00  Assimilator  
  40  4:02  Pylon  
  41  4:05  Probe  
  41  4:08  Pylon  
  42  4:15  Stalker  
  44  4:17  Probe  
  44  4:23  Gateway  
  45  4:24  Gateway  
  45  4:35  Probe  
  46  4:43  Gateway  
  45  4:50  Probe  
  45  4:52  Probe  
  47  4:54  Gateway  
  47  4:55  Gateway  
  47  5:01  Probe  
  47  5:03  Pylon  
  48  5:12  Adept  
  48  5:13  Stalker x2  
  54  5:19  Pylon  
  54  5:21  Probe  
  54  5:24  Probe  
  55  5:36  Stalker x2  
  55  5:37  Stalker x3  
  65  5:52  Pylon  
  65  5:59  Pylon  
  65  6:02  Stalker x2  
  65  6:03  Stalker x2  
  73  6:10  Pylon  
  69  6:19  Stalker x3  
  69  6:21  Stalker  
  77  6:36  Stalker x3  
  83  6:40  Stalker  
  79  6:56  Stalker  
  79  6:57  Stalker x3  
  87  7:14  Stalker x2  
  89  7:28  Stalker  
  89  7:29  Stalker x4  
  99  7:34  Stalker  
  97  7:49  Stalker  
  97  7:50  Stalker  
Tags
 
Add a new tag
Caveats
  • Supply blocks, unpowered buildings, or Contaminate may cause inaccurate times.
  • Supply counts are checked every 10 seconds.